 Dungeon Crawl Stone Soup version 0.27.0-1-g7a08968 (webtiles) character file.

Game seed: 11040914287330631691

21 Illumine the Sneak (level 3, 0/28 HPs)
             Began as a Formicid Brigand on Aug 12, 2021.
             Slain by a gnoll (4 damage)
             ... on level 2 of the Dungeon.
             The game lasted 00:01:22 (765 turns).

Illumine the Sneak (Formicid Brigand)                Turns: 765, Time: 00:01:22

Health: 0/28       AC:  4    Str: 16    XL:     3   Next: 5%
Magic:  3/3        EV: 12    Int: 10    God:
Gold:   85         SH:  0    Dex: 12    Spells: 2/2 levels left

rFire    . . .     SeeInvis +   a - +2 dagger
rCold    . . .     Faith    .   (no shield)
rNeg     . . .     Spirit   .   b - +0 robe
rPois    .         Reflect  .   (helmet unavailable)
rElec    .         Harm     .   c - +0 cloak
rCorr    .         Rampage  .   (no gloves)
Will     .....                  l - +0 pair of boots
Stlth    +++.......             (no amulet)
HPRegen  0.09/turn              (no ring)
MPRegen  0.08/turn              (no ring)

@: no status effects
A: permanent stasis, dig shafts and tunnels, antennae 3, four strong arms
a: Dig, Shaft Self


You were on level 2 of the Dungeon.
You visited 1 branch of the dungeon, and saw 2 of its levels.

You collected 85 gold pieces.

Inventory:

Hand Weapons
 a - a +2 dagger (weapon)
Missiles
 d - 5 poisoned darts (quivered)
 e - 2 curare-tipped darts
 g - 4 bolts
Armour
 b - a +0 robe (worn)
 c - a +0 cloak (worn)
 l - a +0 pair of boots (worn)
Scrolls
 h - a scroll of enchant armour {unknown}
 j - a scroll of noise {unknown}
 k - 4 scrolls of identify {unknown}
Potions
 f - 2 potions of brilliance {unknown}
 i - 2 potions of magic {unknown}


   Skills:
 + Level 2.7 Fighting
 + Level 2.4 Short Blades
 - Level 2.0 Throwing
 + Level 1.5 Dodging
 - Level 4.8 Stealth


You had 2 spell levels left.
You didn't know any spells.
Your spell library was empty.

Dungeon Overview and Level Annotations

Branches:
Dungeon (2/15)

Altars:

Annotations:
D:2 Natasha


Innate Abilities, Weirdness & Mutations

You cannot be hasted, slowed, berserked, paralysed or teleported.
You can dig through walls and to a lower floor.
You have a pair of large antennae on your head. (SInv)
Your four strong arms can wield two-handed weapons with a shield.


Message History

The ball python closely misses you.
You hit the ball python.
You kill the ball python!
You have reached level 3!
Your experience leads to an increase in your attributes!
Increase (S)trength, (I)ntelligence, or (D)exterity?
You feel stronger.
You hit the rat.
You kill the rat!
You hit the gnoll.
The gnoll is lightly wounded.
The gnoll hits you with a +0 club!
You hit the gnoll but do no damage. The gnoll misses you.
A gnoll comes into view. It is wielding a +0 spear.
The gnoll shouts!
You hit the gnoll.
The gnoll is lightly wounded.
The gnoll misses you.
You hit the gnoll.
The gnoll is moderately wounded.
The gnoll hits you with a +0 club.
You hit the gnoll but do no damage.
The gnoll is moderately wounded.
The gnoll misses you. The gnoll hits you with a +0 club.
Throw: 7 darts (poison)
Press: ? - help, Q - select action, (/) - cycle Shift-Dir - straight line, f - gnoll
Aim: a gnoll, wielding a +0 club (moderately wounded, 63% to hit)
You throw a poisoned dart.
The poisoned dart barely misses the gnoll.
The gnoll hits you with a +0 club!
* * * LOW HITPOINT WARNING * * *
Throw: 6 darts (poison)
Press: ? - help, Q - select action, (/) - cycle Shift-Dir - straight line, f/p - gnoll
Aim: a gnoll, wielding a +0 club (moderately wounded, 63% to hit)
You throw a poisoned dart. The poisoned dart hits the gnoll.
The gnoll is poisoned.
The gnoll is moderately wounded.
The gnoll hits you with a +0 club.
You die...

####### #.....#
#######.....######
..............>..#
###.###.....####.##
#########.###.....### ..
#.....#.@..##.......# ...
#.###.#g#..##.#####.###.#
#.....#(#..##.# #.#...#
#..g..g)#..##.# #.#...#
##.######..##.# #.##.##
###...####..##.# ##......
#### #........#.....#
#...##.# ...
#..g.....#.##### #...##.#
#.##........#.# #...##..


You could see 2 gnolls.

Vanquished Creatures
  An adder (D:2)
  A worm (D:2)
  3 ball pythons (D:2)
  A hobgoblin (D:1)
  3 frilled lizards
  2 rats
11 creatures vanquished.

Notes
Turn   | Place    | Note
-------+----------+-------------------------------------------
     0 | D:1      | Illumine the Formicid Brigand began the quest for the Orb.
     0 | D:1      | Reached XP level 1. HP: 16/16 MP: 1/1
    66 | D:1      | Reached skill level 1 in Dodging
   193 | D:1      | Found a faded altar of an unknown god.
   509 | D:2      | Noticed Natasha
   593 | D:2      | Reached XP level 2. HP: 23/23 MP: 2/2
   739 | D:2      | Reached XP level 3. HP: 25/28 MP: 3/3
   765 | D:2      | Slain by a gnoll

Illustrated notes

Levels and vault maps discovered:
D:1:      dpeg_arrival_short_road, layout_basic,
          ebering_ecumenical_altar_abandoned
D:2:      layout_basic, serial_shops, nicolae_shop_stone, uniq_natasha

Skill      XL: |  1 |
---------------+----+-----
Dodging        | 1 |  1.5
Fighting       | |  2.7
Short Blades   | |  2.4
Throwing       | |  2.0
Stealth        | |  4.8

Action                   || total
-------------------------++-------
Melee: Dagger            ||    22
Throw: Dart              ||     4
 Stab: Sleeping          ||     7
Armor: Robe              ||     3
Dodge: Dodged            ||    11
